[Event "Early-Titled-Tuesday-Blitz-February-13-2024"]
[Site "Chess.com"]
[Date "2024.02.13"]
[Round "2"]
[White "kiCaps"]
[Black "RamonManon0g"]
[Result "1-0"]
[WhiteElo "2699"]
[BlackElo "2403"]
[TimeControl "180+1"]
[EndTime "8:16:51 PST"]
[Termination "kiCaps won by checkmate"]

1. e4 c5 2. c3 Nf6 3. e5 Nd5 4. d4 cxd4 5. cxd4 Nc6 6. Nf3 d6 7. Nc3 Nxc3 8. bxc3 e6 9. Bf4 dxe5 10. Nxe5 Nxe5 11. Bxe5 Qa5 12. Qb3 a6 13. Be2 Be7 14. Bxg7 Rg8 15. Be5 Rxg2 16. Bg3 Bd7 17. Bf3 Bc6 18.
Bxc6+ bxc6 19. Kf1 Rxg3 20. hxg3 h5 21. Rb1 Rd8 22.
Kg2 c5 23. Rxh5 Bf8 24. dxc5 Bg7 25. Qb4 Qxa2 26. c6 Qe2 27. c7 Qxh5 28. cxd8=Q+ Kxd8 29. Qd6+ Ke8 30. Rb8# 1-0

[Event "Early-Titled-Tuesday-Blitz-February-13-2024"]
[Site "Chess.com"]
[Date "2024.02.13"]
[Round "2"]
[White "scarabee43"]
[Black "Andrej2004"]
[Result "1-0"]
[WhiteElo "2874"]
[BlackElo "2599"]
[TimeControl "180+1"]
[EndTime "8:16:55 PST"]
[Termination "scarabee43 won by resignation"]

1. Nf3 b6 2. c4 Bb7 3. Nc3 Nf6 4. g3 g6 5. Bg2 Bg7 6. O-O O-O 7. d4 d6 8. Qd3 Nbd7 9. e4 e5 10. d5 h6 11. Be3 Nh5 12. Qd2 Kh7 13. b4 f5 14.
exf5 gxf5 15. Qc2 Kg8 16. Bh3 f4 17. Be6+ Rf7 18. Qg6 Qf6 19. Qxh5 fxe3 20. fxe3 Rf8 21. Nh4 Qg5 22. Qxg5 hxg5 23. Ng6 Bf6 24. Nxf8 Kxf8 25. Bxf7 Kxf7 26. Ne4 Kg6 27. a4 a6 28. Ra2 b5 29.
axb5 axb5 30. Ra7 bxc4 31. Rxb7 1-0

[Event "Early-Titled-Tuesday-Blitz-February-13-2024"]
[Site "Chess.com"]
[Date "2024.02.13"]
[Round "2"]
[White "gau_npukyputb"]
[Black "edgarhay012"]
[Result "1/2-1/2"]
[WhiteElo "2858"]
[BlackElo "2604"]
[TimeControl "180+1"]
[EndTime "8:16:56 PST"]
[Termination "Game drawn by repetition"]

1. g3 d5 2. Nf3 Nf6 3. Bg2 c6 4. O-O Bf5 5. d4 e6 6. c4 Nbd7 7. Nc3 Be7 8. Qb3 Qb6 9. Nd2 O-O 10. e4 dxe4 11. Ndxe4 Nxe4 12. Nxe4 Bxe4 13. Bxe4 Qxd4 14. Qxb7 Rab8 15. Be3 Qxe3 16. Qxd7 Qxe4 17. Qxe7 Rxb2 18. Qxa7 Qxc4 19. a4 h5 20. h4 Rd8 21. a5 Rd3 22. a6 Qe4 23. Kh2 Rxg3 24. Kxg3 Qg4+ 25. Kh2 Qxh4+ 26. Kg2 Qg4+ 27. Kh2 Qh4+ 28. Kg2 Qg4+ 29. Kh2 Qh4+ 1/2-1/2

[Event "Early-Titled-Tuesday-Blitz-February-13-2024"]
[Site "Chess.com"]
[Date "2024.02.13"]
[Round "2"]
[White "Aanna12"]
[Black "Cheer_Down"]
[Result "0-1"]
[WhiteElo "2268"]
[BlackElo "2515"]
[TimeControl "180+1"]
[EndTime "8:16:57 PST"]
[Termination "Cheer_Down won by resignation"]

1. d4 Nf6 2. Nf3 e6 3. Bf4 c5 4. e3 Nc6 5. Be2 d5 6. h3 Bd6 7. Bxd6 Qxd6 8. O-O O-O 9. c3 e5 10. dxe5 Nxe5 11. Nxe5 Qxe5 12. Nd2 b6 13. Nf3 Qe7 14. Qc2 Bb7 15. Rad1 Rfe8 16. Bb5 Red8 17. Rfe1 Rd6 18.
Qf5 Rad8 19. Ne5 Ne4 20. Ng4 Bc8 21. Qf4 h5 22. Ne5 Rf6 23. Qg3 Nxg3 0-1

[Event "Early-Titled-Tuesday-Blitz-February-13-2024"]
[Site "Chess.com"]
[Date "2024.02.13"]
[Round "2"]
[White "inagreV"]
[Black "DreamsAreFake"]
[Result "0-1"]
[WhiteElo "2337"]
[BlackElo "2734"]
[TimeControl "180+1"]
[EndTime "8:17:02 PST"]
[Termination "DreamsAreFake won by resignation"]

1. e4 c6 2. Nf3 d5 3. d3 g6 4.
e5 c5 5. c3 Nc6 6. d4 cxd4 7. cxd4 Bg4 8. Bb5 Rc8 9. Nbd2 Qb6 10.
Bxc6+ Rxc6 11. h3 Bxf3 12. Nxf3 e6 13. O-O Ne7 14. Bg5 Bg7 15. Bxe7 Kxe7 16. Qd2 Rhc8 17. Rfc1 a5 18. h4 Qb4 19. Rxc6 Rxc6 20. Qxb4+ axb4 21. Ne1 Bh6 22. a3 b3 23. Rd1 Rc2 0-1

[Event "Early-Titled-Tuesday-Blitz-February-13-2024"]
[Site "Chess.com"]
[Date "2024.02.13"]
[Round "2"]
[White "Beca95"]
[Black "semchik73"]
[Result "1-0"]
[WhiteElo "2929"]
[BlackElo "2428"]
[TimeControl "180+1"]
[EndTime "8:17:05 PST"]
[Termination "Beca95 won by checkmate"]

1. e4 Nf6 2. d3 d5 3. e5 Nfd7 4. d4 e6 5. c3 c5 6. Bd3 Nc6 7. Ne2 Qb6 8. Bc2 cxd4 9. cxd4 Bb4+ 10. Nbc3 O-O 11. O-O f6 12. Qd3 f5 13. Be3 Be7 14.
a3 Nd8 15. b4 Nf7 16. f4 a5 17. b5 Rd8 18. g4 g6 19. gxf5 gxf5 20. Kh1 Kh8 21.
Rf3 Nf8 22. Rg1 Bd7 23. Ng3 Ng6 24. Nxf5 exf5 25. Nxd5 Qxb5 26. Rxg6 Qxd3 27. Bxd3 hxg6 28. Nxe7 Re8 29. Nxg6+ Kg7 30. Rg3 Bc6+ 31. Kg1 Nh6 32. d5 Ba4 33. Nh4+ Kf7 34. e6+ Ke7 35. Bc5+ Kf6 36.
Rg6# 1-0

[Event "Early-Titled-Tuesday-Blitz-February-13-2024"]
[Site "Chess.com"]
[Date "2024.02.13"]
[Round "2"]
[White "Adar_07"]
[Black "xakevicius91"]
[Result "1-0"]
[WhiteElo "2774"]
[BlackElo "2547"]
[TimeControl "180+1"]
[EndTime "8:17:08 PST"]
[Termination "Adar_07 won by resignation"]

1. e4 c5 2. Nf3 e6 3. d4 cxd4 4. Nxd4 Nc6 5. Nc3 Qc7 6. Be3 a6 7. Qf3 Nf6 8. O-O-O d6 9. Nxc6 bxc6 10. g4 Be7 11. g5 Nd7 12. h4 Rb8 13. Bc4 d5 14. Bb3 Nc5 15. h5 Nxb3+ 16. axb3 Qa5 17. g6 f6 18. h6 hxg6 19. hxg7 Rg8 20. Rh8 Kf7 21. Rxg8 Kxg8 22. Qg3 Qd8 1-0

[Event "Early-Titled-Tuesday-Blitz-February-13-2024"]
[Site "Chess.com"]
[Date "2024.02.13"]
[Round "2"]
[White "Mikhail_Golubev"]
[Black "InitiatingASC"]
[Result "1/2-1/2"]
[WhiteElo "2693"]
[BlackElo "2411"]
[TimeControl "180+1"]
[EndTime "8:17:14 PST"]
[Termination "Game drawn by repetition"]

1. e4 c5 2. Nf3 Nc6 3. d4 cxd4 4. Nxd4 Nf6 5. Nc3 e5 6. Ndb5 h6 7. Nd5 Nxd5 8. exd5 a6 9. dxc6 axb5 10. cxd7+ Bxd7 11. Bd3 Qc7 12. O-O Bc5 13. Qh5 O-O 14. Bxh6 gxh6 15. Qxh6 f5 16. Qg6+ Kh8 17. Qh6+ Kg8 18. Qg6+ Kh8 19.
Qh6+ Kg8 1/2-1/2

[Event "Early-Titled-Tuesday-Blitz-February-13-2024"]
[Site "Chess.com"]
[Date "2024.02.13"]
[Round "2"]
[White "rikchessmx"]
[Black "Logman74"]
[Result "0-1"]
[WhiteElo "2309"]
[BlackElo "2539"]
[TimeControl "180+1"]
[EndTime "8:17:14 PST"]
[Termination "Logman74 won by checkmate"]

1. e4 c5 2. Nf3 d6 3. d4 cxd4 4. Nxd4 Nf6 5. Nc3 Nc6 6. Bc4 e6 7. Be3 Be7 8. Qe2 a6 9. O-O-O Qc7 10. f3 Na5 11. Bd3 b5 12. g4 O-O 13. g5 Nd7 14.
h4 b4 15. Na4 Nc5 16. b3 Nxa4 17. bxa4 Bd7 18. h5 Bxa4 19. g6 Bf6 20. gxf7+ Kh8 21. f4 Qc3 22. e5 dxe5 23. Nxe6 e4 24. Bd4 Bxd4 25. Qxe4 Be3+ 26. Qxe3 Nc4 27. Bxc4 Qxc2# 0-1

[Event "Early-Titled-Tuesday-Blitz-February-13-2024"]
[Site "Chess.com"]
[Date "2024.02.13"]
[Round "2"]
[White "Macron20hTF1"]
[Black "Matibar"]
[Result "0-1"]
[WhiteElo "2550"]
[BlackElo "2775"]
[TimeControl "180+1"]
[EndTime "8:17:25 PST"]
[Termination "Matibar won by resignation"]

1. Nf3 Nf6 2. c4 g6 3. Nc3 Bg7 4. g3 O-O 5. Bg2 d6 6. O-O c6 7. d4 Bf5 8. Re1 Ne4 9. Nh4 Nxc3 10. bxc3 Bd7 11. Rb1 Qc8 12. Qb3 b6 13. e4 Bh3 14. c5 Bxg2 15. cxb6 axb6 16. Nxg2 Nd7 17. Bg5 Re8 18. h4 Ra5 19. Re2 Qa6 20. Reb2 Ra3 21. Qc2 b5 22. Bc1 Ra8 23. e5 dxe5 24. Qe4 exd4 25.
Qxe7 dxc3 26. Re2 Rxa2 0-1

[Event "Early-Titled-Tuesday-Blitz-February-13-2024"]
[Site "Chess.com"]
[Date "2024.02.13"]
[Round "2"]
[White "Msb2"]
[Black "Hilary46"]
[Result "1-0"]
[WhiteElo "3003"]
[BlackElo "2661"]
[TimeControl "180+1"]
[EndTime "8:17:29 PST"]
[Termination "Msb2 won by checkmate"]

1. d4 d5 2. c4 e6 3. Nc3 c6 4. Nf3 Nf6 5. Qc2 dxc4 6. e4 b5 7. Be2 Bb7 8. O-O Nbd7 9. b3 b4 10. e5 Nd5 11. Bg5 Qb6 12. Na4 Qa5 13. bxc4 N5b6 14.
Nxb6 axb6 15. Nd2 h6 16. Bh4 c5 17. d5 exd5 18. e6 Nf6 19. Bxf6 gxf6 20. exf7+ Kxf7 21. Bh5+ Ke7 22. Rfe1+ Kd8 23. Qf5 Be7 24. Rxe7 Kxe7 25.
Re1+ Kd8 26. Qxf6+ Kc7 27. Qe5+ Kd7 28. Bg4+ Kc6 29.
cxd5+ Kb5 30. Be2+ Ka4 31. Bd1+ Kb5 32. Qe2+ c4 33.
Qxc4# 1-0

[Event "Early-Titled-Tuesday-Blitz-February-13-2024"]
[Site "Chess.com"]
[Date "2024.02.13"]
[Round "2"]
[White "ExtremeLearner"]
[Black "Korchmar_Vasiliy"]
[Result "0-1"]
[WhiteElo "2359"]
[BlackElo "2735"]
[TimeControl "180+1"]
[EndTime "8:17:29 PST"]
[Termination "Korchmar_Vasiliy won by resignation"]

1. d4 d5 2. c4 c6 3. Nf3 Nf6 4. Nc3 a6 5. Qc2 Bg4 6. Ne5 Be6 7. c5 g6 8. e3 Bg7 9. Bd3 O-O 10. O-O Nbd7 11. f4 Nxe5 12. fxe5 Nd7 13. b4 f6 14. exf6 exf6 15. e4 dxe4 16. Nxe4 f5 17. Nd6 Bxd4+ 18. Kh1 Bxa1 19. Bc4 Bxc4 20. Qxc4+ Kg7 21. Re1 Bf6 22. Nxb7 Qc7 23. Bb2 Rae8 24. Rxe8 Rxe8 0-1

[Event "Early-Titled-Tuesday-Blitz-February-13-2024"]
[Site "Chess.com"]
[Date "2024.02.13"]
[Round "2"]
[White "arturdailima"]
[Black "ChessSkool"]
[Result "0-1"]
[WhiteElo "2393"]
[BlackElo "2691"]
[TimeControl "180+1"]
[EndTime "8:17:30 PST"]
[Termination "ChessSkool won by resignation"]

1. d4 d5 2. c4 e6 3. Nc3 Nf6 4.
cxd5 exd5 5. Nf3 c6 6. Bg5 h6 7. Bh4 Be7 8. e3 O-O 9. Bd3 Re8 10. O-O Ne4 11. Bxe7 Qxe7 12. Qc2 Bf5 13. Nd2 Nd7 14. Rae1 Ndf6 15. f3 Nxd2 16. Qxd2 Bxd3 17. Qxd3 Rad8 18.
a3 a5 19. Rf2 Qd6 20. Na4 Re7 21. Nc5 b6 22. Na4 c5 23. dxc5 bxc5 24. Rc2 Nd7 25.
Rd1 Ne5 26. Qc3 Qg6 27. Kf2 d4 28. exd4 Rxd4 29. Re1 Nd3+ 30. Qxd3 Qxd3 31. Rxe7 Qxc2+ 0-1

[Event "Early-Titled-Tuesday-Blitz-February-13-2024"]
[Site "Chess.com"]
[Date "2024.02.13"]
[Round "2"]
[White "sansanathalia"]
[Black "Amirreza_p"]
[Result "0-1"]
[WhiteElo "2407"]
[BlackElo "2745"]
[TimeControl "180+1"]
[EndTime "8:17:31 PST"]
[Termination "Amirreza_p won by resignation"]

1. e4 c6 2. d4 g6 3. Nc3 Bg7 4. Nf3 d6 5. Be2 Nf6 6. O-O O-O 7. h3 Nbd7 8. Be3 e5 9. dxe5 dxe5 10. Qd2 Qe7 11. Rad1 Nc5 12. Bg5 a5 13. Qe3 Re8 14.
Rd2 b5 15. Rfd1 b4 16. Bxf6 Bxf6 17. Nb1 Ne6 18. Rd6 Nd4 19. Nxd4 exd4 20. R6xd4 Bxd4 21. Rxd4 c5 22. Rd5 Bb7 23. Rxc5 Qxe4 24. Qxe4 Rxe4 25. Bf1 Re1 26. Nd2 Rd8 27. Rc7 Rxd2 28. Rxb7 Rxc2 29. Rb5 Rxb2 30. Rxa5 Rbb1 31. Kh2 Rxf1 0-1

[Event "Early-Titled-Tuesday-Blitz-February-13-2024"]
[Site "Chess.com"]
[Date "2024.02.13"]
[Round "2"]
[White "maxip32"]
[Black "leschebaza"]
[Result "1-0"]
[WhiteElo "2656"]
[BlackElo "2395"]
[TimeControl "180+1"]
[EndTime "8:17:31 PST"]
[Termination "maxip32 won by checkmate"]

1. e4 e6 2. Qe2 c5 3. f4 Nc6 4.
Nf3 d6 5. c3 g6 6. d4 cxd4 7.
cxd4 Bg7 8. Be3 Nge7 9. Nc3 d5 10.
e5 Nf5 11. Bf2 h5 12. g3 Bd7 13.
Bg2 Rc8 14. O-O O-O 15. Rfc1 Na5 16. h3 Nh6 17. Nd2 Qb6 18. Rab1 Nc4 19. Nf1 Qa5 20. g4 hxg4 21. hxg4 b5 22. a3 b4 23. axb4 Qxb4 24. Ne3 Nxe3 25. Bxe3 Rb8 26. Bf3 Rfc8 27. Kg2 Qc4 28. Qd2 Qb3 29. Rh1 Bf8 30. f5 exf5 31. Bxh6 Bb4 32. Bg7 Bxc3 33. Rh8+ Kxg7 34. Qh6# 1-0

[Event "Early-Titled-Tuesday-Blitz-February-13-2024"]
[Site "Chess.com"]
[Date "2024.02.13"]
[Round "2"]
[White "Alenzer"]
[Black "Shahdad2007"]
[Result "0-1"]
[WhiteElo "2116"]
[BlackElo "2459"]
[TimeControl "180+1"]
[EndTime "8:17:32 PST"]
[Termination "Shahdad2007 won by resignation"]

1. e4 c6 2. Nc3 g6 3. g3 Bg7 4.
Bg2 d6 5. d3 Nf6 6. f4 O-O 7.
Nf3 b5 8. a3 a5 9. O-O Bb7 10.
h3 b4 11. axb4 axb4 12. Rxa8 Bxa8 13. Ne2 c5 14. Be3 Nc6 15. Kh2 Nd7 16. d4 cxd4 17. Nexd4 Nc5 18. Nxc6 Bxc6 19. Bxc5 dxc5 20. Ne5 Bxe5 21.
fxe5 Qxd1 22. Rxd1 Ra8 23. Rd2 Ra2 24. b3 c4 25.
bxc4 b3 26. Rd8+ Kg7 27. cxb3 Bxe4 28. h4 Rxg2+ 29. Kh3 Rb2 30. Rb8 h5 31. b4 Bg2+ 32. Kh2 Bd5+ 33. Kg1 Bxc4 34. Rb7 e6 0-1

[Event "Early-Titled-Tuesday-Blitz-February-13-2024"]
[Site "Chess.com"]
[Date "2024.02.13"]
[Round "2"]
[White "shrek4life02"]
[Black "kibromNNN"]
[Result "1-0"]
[WhiteElo "2696"]
[BlackElo "1772"]
[TimeControl "180+1"]
[EndTime "8:17:33 PST"]
[Termination "shrek4life02 won by resignation"]

1. d4 Nf6 2. c4 e6 3. Nc3 d5 4. Bg5 dxc4 5. e3 a6 6. Bxc4 b5 7. Be2 Bb7 8. Bf3 Bxf3 9. Nxf3 Nbd7 10. O-O Be7 11. Qe2 c5 12. Rfd1 cxd4 13. Nxd4 Rc8 14. Bxf6 Bxf6 15. Ne4 O-O 16. a4 b4 17. Qxa6 Bxd4 18.
Rxd4 Qe7 19. Qb7 Rfd8 20. Rad1 h6 21. h3 b3 22. Rxd7 Rxd7 23. Qxd7 Qxd7 24. Rxd7 Rc2 25. Rd2 Rc1+ 26. Kh2 Ra1 27. Nc5 Ra2 28. Nxb3 Rxa4 29. Nd4 Rb4 30. Kg1 e5 31. Nf3 f6 32. Kf1 Kf7 33. Ke1 Kg6 34. Kd1 h5 35. Kc2 Kh6 36. Kc3 Rb7 37. b4 Rc7+ 38. Kb3 Rb7 39. Ne1 Kg5 40. Nd3 Kf5 41. Nc5 Rb6 42. Kc4 g5 43. b5 g4 44. hxg4+ hxg4 45. Nd7 Rb7 46. b6 Kg5 47. Kc5 f5 48. Kc6 1-0

[Event "Early-Titled-Tuesday-Blitz-February-13-2024"]
[Site "Chess.com"]
[Date "2024.02.13"]
[Round "2"]
[White "LiadCuba"]
[Black "Alina_Gumerovna"]
[Result "1-0"]
[WhiteElo "2452"]
[BlackElo "2101"]
[TimeControl "180+1"]
[EndTime "8:17:33 PST"]
[Termination "LiadCuba won on time"]

1. d4 Nf6 2. c4 d6 3. Nc3 g6 4. e4 Bg7 5. Be2 O-O 6. Be3 e5 7. d5 a5 8. h4 h5 9. f3 Na6 10. g4 Nc5 11. gxh5 Nxh5 12. Qd2 f5 13. Bg5 Qe8 14. O-O-O f4 15. Rh2 Kh7 16. Nh3 a4 17. Rg1 Bd7 18. Nf2 Ng3 19. Bf1 Rb8 20. Bh3 Bxh3 21.
Rxh3 c6 22. dxc6 Qxc6 23. Be7 Rf7 24. Qxd6 1-0

[Event "Early-Titled-Tuesday-Blitz-February-13-2024"]
[Site "Chess.com"]
[Date "2024.02.13"]
[Round "2"]
[White "Road2GM3000"]
[Black "JiiHart"]
[Result "1-0"]
[WhiteElo "2468"]
[BlackElo "2138"]
[TimeControl "180+1"]
[EndTime "8:17:34 PST"]
[Termination "Road2GM3000 won by resignation"]

1. d4 d5 2. c4 c5 3. cxd5 Qxd5 4. Nc3 Qxd4 5. Qxd4 cxd4 6. Nb5 Na6 7. Nxd4 e5 8. Nb5 Bd7 9. e3 Bb4+ 10. Bd2 Bxd2+ 11. Kxd2 O-O-O 12. Nd6+ Kb8 13. Nxf7 Nf6 14. Nxh8 Bf5+ 15. Ke1 Nb4 16. Rc1 Nc2+ 17. Ke2 Rxh8 18. f3 Rc8 19. e4 Nd4+ 20. Kd1 Be6 21. Rxc8+ Kxc8 22. b3 a5 23. Bc4 Bxc4 24. bxc4 Kc7 25. Ne2 Nxe2 26. Kxe2 Kc6 27. Rb1 b6 28. Rb5 Nd7 29. Rd5 Nc5 30.
Rxe5 Na4 31. Re7 Nc3+ 32. Kd3 Nxa2 33. Rxg7 Nb4+ 34. Kc3 Kc5 35. Rxh7 Nc6 36. Rh5+ Kd6 37. Rh6+ Kc5 38. Rxc6+ Kxc6 39. h4 b5 40. cxb5+ 1-0

[Event "Early-Titled-Tuesday-Blitz-February-13-2024"]
[Site "Chess.com"]
[Date "2024.02.13"]
[Round "2"]
[White "cthake"]
[Black "vidavi"]
[Result "0-1"]
[WhiteElo "1798"]
[BlackElo "2430"]
[TimeControl "180+1"]
[EndTime "8:17:34 PST"]
[Termination "vidavi won by resignation"]

1. e4 c5 2. Nf3 Nc6 3. d4 cxd4 4. Nxd4 Nf6 5. Nc3 e5 6. Ndb5 d6 7. Bg5 a6 8. Na3 b5 9. Nd5 Be7 10. Bxf6 Bxf6 11. c3 Bg5 12. Bd3 O-O 13. O-O Be6 14. c4 b4 15. Nc2 a5 16. b3 g6 17. Nce3 a4 18. g3 Qa5 19. h4 Bh6 20. Qf3 axb3 21. axb3 Qxa1 22. Rxa1 Rxa1+ 23. Kh2 Bxe3 24. Qxe3 Bxd5 25.
exd5 Nd4 26. h5 Nxb3 27. hxg6 hxg6 28. Qh6 Ra7 29. Kg2 Nc5 30. Bxg6 fxg6 31. Qxg6+ Rg7 32. Qxd6 Rxf2+ 33. Kg1 Rxg3+ 34. Kxf2 Ne4+ 35. Ke2 Nxd6 36. c5 Nf5 37. d6 Kf7 38. c6 Nxd6 39. c7 Rc3 0-1

[Event "Early-Titled-Tuesday-Blitz-February-13-2024"]
[Site "Chess.com"]
[Date "2024.02.13"]
[Round "2"]
[White "NanMKKhineHlyan"]
[Black "LileKoridze"]
[Result "0-1"]
[WhiteElo "1782"]
[BlackElo "2429"]
[TimeControl "180+1"]
[EndTime "8:17:34 PST"]
[Termination "LileKoridze won by resignation"]

1. e4 c5 2. Nf3 d6 3. d4 cxd4 4. Nxd4 Nf6 5. Nc3 a6 6. Bg5 Nbd7 7. f4 b5 8. a3 Qc7 9. Be2 Bb7 10. Bf3 e5 11. fxe5 dxe5 12. Nf5 g6 13. Ng3 Bg7 14. O-O O-O 15. Kh1 h6 16. Be3 Rad8 17. Qe1 Nb6 18. Qf2 Nc4 19. Bc5 Rd2 20. Qg1 Rc8 21. b4 Rxc2 22.
Nge2 Nd2 23. Rfc1 Rxc1 24. Rxc1 Nb3 25. Rd1 Nxc5 26. bxc5 Qxc5 27. Qe1 Qxa3 28. Qg3 Rxc3 29. Nxc3 Qxc3 30. h4 Nxe4 0-1

[Event "Early-Titled-Tuesday-Blitz-February-13-2024"]
[Site "Chess.com"]
[Date "2024.02.13"]
[Round "2"]
[White "ilushka"]
[Black "marsofsilva"]
[Result "1-0"]
[WhiteElo "2446"]
[BlackElo "2056"]
[TimeControl "180+1"]
[EndTime "8:17:35 PST"]
[Termination "ilushka won by resignation"]

1. Nf3 c5 2. b3 d5 3. e3 f6 4. d4 Nc6 5. Bb2 Bg4 6. c4 e6 7. cxd5 exd5 8. Be2 Bd6 9. dxc5 Bxc5 10. O-O Nge7 11.
Nc3 Bh5 12. Rc1 Bd6 13. Nb5 Bb8 14. Nfd4 Bf7 15. g3 O-O 16. Bf3 a6 17. Nxc6 Nxc6 18. Nd4 Ne5 19. Bg2 Ba7 20. Qe2 Rc8 21. Rfd1 Qa5 22.
a3 Rfd8 23. b4 Qa4 24. Nf5 Qe8 25. Rxc8 Rxc8 26. Nd6 Qd7 27. Nxc8 Qxc8 28. Bxd5 Bxd5 29. Rxd5 Qc6 30. Rd8+ Kf7 31. Bxe5 fxe5 32. Qh5+ Ke7 33. Rg8 Qc1+ 34. Kg2 Qc6+ 35. Qf3 Qxf3+ 36. Kxf3 Kf7 37. Rc8 Bb6 38. Rb8 1-0

[Event "Early-Titled-Tuesday-Blitz-February-13-2024"]
[Site "Chess.com"]
[Date "2024.02.13"]
[Round "2"]
[White "malakismayil"]
[Black "johnmez"]
[Result "1-0"]
[WhiteElo "2517"]
[BlackElo "2272"]
[TimeControl "180+1"]
[EndTime "8:17:37 PST"]
[Termination "malakismayil won by resignation"]

1. e4 c5 2. Nf3 e6 3. c3 d5 4. exd5 Qxd5 5. Be2 Nf6 6. O-O Nc6 7. d4 Be7 8. Be3 O-O 9. dxc5 Rd8 10. Qxd5 Nxd5 11. Bd4 f6 12. Bc4 e5 13. Bxd5+ Rxd5 14. Be3 Bxc5 15. c4 Rd4 16. Bxd4 Nxd4 17. Nxd4 Bxd4 18. Nc3 Be6 19. Rfd1 Bxc4 20. Rac1 Be6 21. b3 Bg4 22. Re1 Rd8 23. h3 Bh5 24. g4 Bg6 25. Nb5 Bb6 26. Red1 Rxd1+ 27. Rxd1 a6 28. Nd6 Kf8 29.
Nxb7 Ke7 30. Nd6 Bc2 31. Nc8+ Ke8 32. Rc1 1-0

[Event "Early-Titled-Tuesday-Blitz-February-13-2024"]
[Site "Chess.com"]
[Date "2024.02.13"]
[Round "2"]
[White "yosephtaher"]
[Black "Karttunen"]
[Result "1-0"]
[WhiteElo "2917"]
[BlackElo "2624"]
[TimeControl "180+1"]
[EndTime "8:17:38 PST"]
[Termination "yosephtaher won by checkmate"]

1. d4 Nf6 2. Nc3 d5 3. Bf4 a6 4. e3 e6 5. Nf3 Bb4 6. Bd3 c5 7. dxc5 Nc6 8. O-O Bxc5 9. e4 d4 10. e5 dxc3 11. exf6 gxf6 12. bxc3 h5 13. Qe2 e5 14.
Nxe5 fxe5 15. Bxe5 Bg4 16. Qe1 O-O 17. Qe4 f5 18.
Qc4+ Kh7 19. Qxc5 Nxe5 20. Qxe5 h4 21. h3 Bh5 22. Bxf5+ Bg6 23. Bxg6+ Kxg6 24. Rad1 Qe8 25. Rd6+ Kh7 26. Qd4 Rd8 27. Qxh4+ Kg8 28. Qg5+ Kh8 29. Rh6# 1-0

[Event "Early-Titled-Tuesday-Blitz-February-13-2024"]
[Site "Chess.com"]
[Date "2024.02.13"]
[Round "2"]
[White "AndresDelgado77"]
[Black "MokshAD1603"]
[Result "0-1"]
[WhiteElo "2359"]
[BlackElo "2593"]
[TimeControl "180+1"]
[EndTime "8:17:39 PST"]
[Termination "MokshAD1603 won on time"]

1. e4 c5 2. Nf3 e6 3. c3 Nf6 4.
Bd3 Nc6 5. Bc2 d5 6. e5 Nd7 7. d4 cxd4 8. cxd4 b6 9. Nc3 Ba6 10. Ng5 Be7 11. h4 h6 12. Qh5 O-O 13. Bh7+ Kh8 14.
Bb1 Qe8 15. Nf3 f5 16. Qxe8 Rfxe8 17. a3 b5 18. b4 Nb6 19. Ne2 Nc4 20. Nf4 Bc8 21.
h5 a5 22. bxa5 Rxa5 23. Bd3 Bxa3 24. Bxc4 Bb4+ 0-1

[Event "Early-Titled-Tuesday-Blitz-February-13-2024"]
[Site "Chess.com"]
[Date "2024.02.13"]
[Round "2"]
[White "betta2004"]
[Black "CMmauricio"]
[Result "1-0"]
[WhiteElo "2607"]
[BlackElo "2837"]
[TimeControl "180+1"]
[EndTime "8:17:40 PST"]
[Termination "betta2004 won by resignation"]

1. e4 e6 2. d4 d5 3. Bd3 dxe4 4. Bxe4 Nf6 5. Bf3 Nbd7 6. Ne2 e5 7. Nbc3 Bd6 8. O-O O-O 9. Bg5 c6 10. Qd3 Qc7 11.
h3 Re8 12. Rad1 h6 13. Bxf6 Nxf6 14. dxe5 Bxe5 15. Rfe1 Be6 16. Nd4 Rad8 17. Nxe6 Rxd3 18. Nxc7 Rxd1 19. Nxd1 Bxc7 20. Ne3 Bb6 21. Kf1 Kf8 22.
Nc4 Bc7 23. Rd1 Ke7 24. Re1+ Kf8 25. Rd1 Re6 26. b4 g5 27. g3 Ke7 28. a4 h5 29. a5 g4 30. hxg4 hxg4 31. Bg2 a6 32. Ne3 Bxg3 33. Nf5+ Ke8 34. Ng7+ Ke7 35. Nxe6 1-0

[Event "Early-Titled-Tuesday-Blitz-February-13-2024"]
[Site "Chess.com"]
[Date "2024.02.13"]
[Round "2"]
[White "chipmunknau"]
[Black "Zheenbekov86"]
[Result "1-0"]
[WhiteElo "2727"]
[BlackElo "2417"]
[TimeControl "180+1"]
[EndTime "8:17:40 PST"]
[Termination "chipmunknau won by resignation"]

1. d4 d5 2. c4 c6 3. Nf3 Nf6 4.
Qb3 e6 5. Nc3 Nbd7 6. Bf4 Be7 7.
h3 O-O 8. e3 dxc4 9. Bxc4 b5 10. Be2 a6 11. a4 b4 12. Na2 c5 13. O-O a5 14. Ne5 Bb7 15. Bb5 c4 16. Qxc4 Rc8 17. Qe2 Nxe5 18. Bxe5 Qd5 19. f3 Qb3 20. Rfc1 Nd5 21. Kf2 Bh4+ 22. g3 Nxe3 23. Qxe3 Qxb2+ 24. Qe2 1-0

[Event "Early-Titled-Tuesday-Blitz-February-13-2024"]
[Site "Chess.com"]
[Date "2024.02.13"]
[Round "2"]
[White "gpsji27"]
[Black "Juwen"]
[Result "1-0"]
[WhiteElo "2320"]
[BlackElo "2614"]
[TimeControl "180+1"]
[EndTime "8:17:43 PST"]
[Termination "gpsji27 won by resignation"]

1. d4 Nf6 2. Nf3 d5 3. Bg5 Ne4 4. Bh4 c5 5. e3 Qb6 6. Nc3 Nxc3 7. bxc3 e6 8. Be2 Nc6 9. O-O Be7 10. Bxe7 Nxe7 11.
c4 O-O 12. cxd5 Nxd5 13. c4 Nc3 14. Qc2 Nxe2+ 15. Qxe2 Qc7 16. Rac1 Rd8 17. Rfd1 cxd4 18.
exd4 b6 19. c5 bxc5 20. Rxc5 Qb6 21. Ne5 Bb7 22. h3 h6 23. Qh5 Rf8 24. Nd7 Qb2 25. Nxf8 Rxf8 26. Rb5 1-0

[Event "Early-Titled-Tuesday-Blitz-February-13-2024"]
[Site "Chess.com"]
[Date "2024.02.13"]
[Round "2"]
[White "Zampronha1971"]
[Black "winniethepooh04"]
[Result "0-1"]
[WhiteElo "2317"]
[BlackElo "2540"]
[TimeControl "180+1"]
[EndTime "8:17:43 PST"]
[Termination "winniethepooh04 won by resignation"]

1. e4 e6 2. d4 d5 3. Nc3 dxe4 4. Nxe4 Nd7 5. Nf3 Ngf6 6. Nxf6+ Nxf6 7. Bd3 c5 8. c3 cxd4 9. cxd4 Be7 10. O-O O-O 11. Bg5 b6 12. Qe2 Bb7 13. Rfd1 Rc8 14. Ba6 Qd5 15.
Bxb7 Qxb7 16. Rac1 Rfd8 17. h3 h6 18. Bh4 Nd5 19. Bxe7 Nxe7 20. Qb5 Rxc1 21. Rxc1 Rc8 22. Rxc8+ Qxc8 23. g3 Qc6 24. Qxc6 Nxc6 25. Kf1 Kf8 26. Ke2 Ke7 27. a3 Kd6 28. Kd3 Kd5 29. h4 g6 30. b4 f6 31. b5 Na5 32. Kc3 Nc4 33. a4 Nd6 34. Kd3 Ne4 35. Ke3 Nc3 36. Nh2 h5 37. g4 Nxa4 38. gxh5 gxh5 39. Nf1 Nc3 40. Ng3 Nxb5 41. Nxh5 Nxd4 42. Nxf6+ Ke5 43. Nd7+ Kd6 44. h5 Nf5+ 0-1

[Event "Early-Titled-Tuesday-Blitz-February-13-2024"]
[Site "Chess.com"]
[Date "2024.02.13"]
[Round "2"]
[White "LangesNasenhaar"]
[Black "GMRAVEN_ON_YOUTUBE"]
[Result "0-1"]
[WhiteElo "2473"]
[BlackElo "2818"]
[TimeControl "180+1"]
[EndTime "8:17:44 PST"]
[Termination "GMRAVEN_ON_YOUTUBE won by resignation"]

1. d4 f5 2. Nc3 Nf6 3. Bg5 d5 4. Bxf6 exf6 5. e3 Be6 6. Qf3 Qd7 7. Bd3 Nc6 8. a3 Ne7 9. Nge2 c6 10. h4 g6 11. Nf4 Bf7 12. g3 Nc8 13. Ng2 Nd6 14.
O-O g5 15. Qe2 O-O-O 16. b4 Re8 17. Na4 f4 18. gxf4 Qh3 19. fxg5 fxg5 20. f3 gxh4 21.
Nf4 Rg8+ 22. Ng2 Bh5 23. Qf2 Rg3 24. Be2 Bh6 0-1